 Dungeon Crawl Stone Soup version 0.20.0-15-g7f486f2 (webtiles) character file.

3983 manyhoops the Zephyrmancer (level 10, -9/54 HPs)
             Began as a Tengu Air Elementalist on June 26, 2017.
             Was a Believer of Vehumet.
             Mangled by Maurice
             ... wielding a +4 scimitar of flaming
              (11 damage)
             ... on level 7 of the Dungeon on June 27, 2017.
             The game lasted 00:27:09 (9131 turns).

manyhoops the Zephyrmancer (Tengu Air Elementalist) Turns: 9131, Time: 00:27:10

Health: -9/54      AC:  9    Str:  9    XL:     10   Next: 22%
Magic:  17/17      EV: 13    Int: 18    God:    Vehumet [**....]
Gold:   0          SH:  0    Dex: 15    Spells: 3/18 levels left

rFire    . . .     SeeInvis .   g - +2 short sword (vamp)
rCold    . . .     Gourm    .   (no shield)
rNeg     . . .     Faith    .   y - +0 ring mail
rPois    .         Spirit   .   (helmet restricted)
rElec    .         Reflect  .   B - +0 cloak (curse)
rCorr    .         Harm     .   u - +0 pair of gloves
MR       .....                  (boots unavailable)
Stlth    ++........             (no amulet)
Regen    0.2/turn               d - ring of stealth
MPRegen  0.2/turn               (no ring)

@: very slightly contaminated
A: beak, talons 3, repulsion field 1, able to fly 1
a: Fly, Renounce Religion


You were on level 7 of the Dungeon.
You worshipped Vehumet.
Vehumet was pleased with you.
You were near starving.

You visited 1 branch of the dungeon, and saw 8 of its levels.

Inventory:

Hand Weapons
 g - a +2 vampiric short sword (weapon)
Armour
 u - a +0 pair of gloves (worn)
 w - a scarf of cloud immunity
 y - a +0 ring mail (worn)
 B - a cursed +0 cloak (worn)
Jewellery
 d - a ring of stealth (left hand)
Wands
 a - a wand of digging (15/24)
 q - a wand of iceblast (2/15)
 s - a wand of iceblast (0/15)
 E - a wand of flame (26/48)
Scrolls
 m - 3 scrolls of remove curse
 r - a scroll of teleportation
 t - 3 scrolls of identify
 x - a scroll of fog
 z - a scroll of fear
 F - a scroll of torment {unknown}
Potions
 c - a potion of curing
 e - 4 potions of flight
 f - 4 potions of brilliance
 k - a potion of heal wounds
 l - a potion of cancellation
 o - a potion of agility
 A - a potion of might
 C - a potion of haste
Comestibles
 i - 9 fruits
 j - 3 bread rations
 n - 8 meat rations
 v - 7 royal jellies


   Skills:
 - Level 2.4 Fighting
 - Level 4.6 Short Blades
 - Level 9.1 Armour
 - Level 2.1 Dodging
 - Level 2.0 Stealth
 - Level 4.6 Spellcasting
 + Level 6.9 Conjurations
 - Level 10.9 Air Magic


You had 3 spell levels left.
You knew the following spells:

 Your Spells              Type           Power        Failure   Level  Hunger
a - Shock                 Conj/Air       ####         1%          1    None
b - Swiftness             Chrm/Air       ###.....     4%          2    #......
c - Static Discharge      Conj/Air       #####...     2%          3    ###....
d - Airstrike             Air            #####.....   3%          4    ####...
e - Lightning Bolt        Conj/Air       #####.....   22%         5    ######.


Dungeon Overview and Level Annotations

Branches:
Dungeon (8/15)
 Temple: D:4-7         Lair: D:8-11

Altars:
Ashenzari
Elyvilon
Nemelex Xobeh
Qazlal
Vehumet
Xom
Zin
The Shining One

Shops:
D:7 %

Annotations:
D:4 Menkaure
D:8 Erica, Maurice


Innate Abilities, Weirdness & Mutations

You have a beak for a mouth.
You have claws for feet.
You can fly.
You are surrounded by a mild repulsion field. (EV +2)


Message History

Maurice gestures wildly while chanting.
Maurice flickers and vanishes!
There is a stone staircase leading up here.
Something hits you!
* * * LOW HITPOINT WARNING * * *
Something steals all your gold! Something burns you.
* * * LOW HITPOINT WARNING * * *
You climb upwards.
There is a stone staircase leading down here.
Blink to where?
Press: ? - help, Dir - move target cursor You are very lightly contaminated with residual magic.
As you read the scroll of blinking, it crumbles to dust.
You have 0 gold pieces.
Welcome back, manyhoops the Tengu Air Elementalist.
Vehumet says: Let it end in hellfire!
Press ? for a list of commands and other information.
You start resting.
Something hits you!
You die...

#### ### ### ###### ##..## #####
##.# #.###....## .....#
#...###.## ##.#.####.# ....##
#......## #..## #.# )[...#
#......## #..# #### .....#
##......## ##.## #.## .....##
#.....@.###..# #.## ......#
#........##..# #... ...##.##
#...........## #... ...##..#
##...........# #...
...##..###............# ###...
..####................######.....
..# #.................>.........
..## #.............##...........#
...# ##.).........###...........#


There were no monsters in sight!

Vanquished Creatures
  The ghost of miragecloak the Shield-Bearer, an amateur FoAK of Lugonu (D:5)
  A hippogriff (D:7)
  4 hogs (D:7)
  A human (D:7)
  A soldier ant (D:8)
  A water moccasin (D:7)
  2 orc warriors
  A black bear (D:7)
  A sky beast (D:7)
  2 ogres
  5 centaurs
  3 bullfrogs
  A water moccasin zombie (D:8)
  A scorpion (D:5)
  7 killer bees
  5 wights (D:8)
  3 howler monkeys
  4 crimson imps
  A centaur zombie (D:8)
  2 hounds
  4 orc priests
  5 orc wizards
  3 worker ants
  A killer bee zombie (D:7)
  A worker ant zombie (D:7)
  5 gnolls
  A howler monkey skeleton (D:5)
  8 adders
  2 shadow imps
  An adder skeleton (D:5)
  2 worms (D:2)
  3 dart slugs
  9 leopard geckos
  21 orcs
  5 bats
  8 giant cockroaches
  7 goblins
  5 hobgoblins
  9 jackals
  5 quokkas
  A ball python (D:3)
  3 frilled lizards
  8 kobolds
  4 rats
168 creatures vanquished.

Vanquished Creatures (others)
  A gnoll (D:8)
1 creature vanquished.

Grand Total: 169 creatures vanquished

Notes
Turn   | Place    | Note
-------+----------+-------------------------------------------
     0 | D:1      | manyhoops the Tengu Air Elementalist began the quest for the Orb.
     0 | D:1      | Reached XP level 1. HP: 10/10 MP: 4/4
    76 | D:1      | Reached skill level 1 in Fighting
   114 | D:1      | Reached XP level 2. HP: 15/16 MP: 0/6
   477 | D:2      | Reached skill level 1 in Short Blades
   477 | D:2      | Reached XP level 3. HP: 21/21 MP: 2/7
   865 | D:2      | Learned a level 2 spell: Swiftness
   869 | D:2      | Learned a level 3 spell: Static Discharge
   983 | D:2      | Reached XP level 4. HP: 26/26 MP: 4/8
  1666 | D:2      | Gained mutation: You can fly. [Tengu growth]
  1666 | D:2      | Reached XP level 5. HP: 23/31 MP: 9/9
  2533 | D:3      | Found a sparkling altar of Nemelex Xobeh.
  2700 | D:3      | Found a radiant altar of Vehumet.
  2721 | D:2      | Reached XP level 6. HP: 12/36 MP: 1/10
  3050 | D:3      | Became a worshipper of Vehumet
  3248 | D:4      | Reached skill level 5 in Air Magic
  3342 | D:4      | Noticed Menkaure
  3507 | D:4      | Noticed a phantom
  3537 | D:5      | Entered Level 5 of the Dungeon
  3542 | D:5      | Reached XP level 7. HP: 39/40 MP: 2/12
  3548 | D:5      | Learned a level 4 spell: Airstrike
  3717 | D:5      | Noticed miragecloak's ghost (amateur FoAK)
  3736 | D:5      | Killed miragecloak's ghost
  3736 | D:5      | Reached skill level 6 in Air Magic
  4126 | D:5      | Reached skill level 5 in Conjurations
  4332 | D:5      | Reached XP level 8. HP: 32/45 MP: 1/15
  4483 | D:6      | Reached * piety under Vehumet
  4483 | D:6      | Offered knowledge of Magic Dart by Vehumet.
  4522 | D:6      | Reached skill level 7 in Air Magic
  5134 | D:6      | Gained mutation: You are surrounded by a mild repulsion field. (EV +2) [potion of mutation]
  5488 | D:6      | Found a white marble altar of Elyvilon.
  5488 | D:6      | Found a glowing golden altar of the Shining One.
  5488 | D:6      | Found a glowing silver altar of Zin.
  5729 | D:7      | Found Ijedopot's Food Shoppe.
  6075 | D:7      | Reached skill level 5 in Armour
  6160 | D:7      | Reached XP level 9. HP: 40/49 MP: 10/16
  6785 | D:7      | Found a shattered altar of Ashenzari.
  6900 | D:7      | Found a stormy altar of Qazlal.
  6900 | D:7      | Found a shimmering altar of Xom.
  6900 | D:7      | Found a sparkling altar of Nemelex Xobeh.
  7042 | D:7      | Reached ** piety under Vehumet
  7042 | D:7      | Reached skill level 8 in Air Magic
  7044 | D:7      | Offered knowledge of Flame Tongue by Vehumet.
  7480 | D:8      | Reached skill level 9 in Air Magic
  7723 | D:8      | Reached XP level 10. HP: 27/54 MP: 4/17
  7870 | D:8      | Reached skill level 10 in Air Magic
  8564 | D:8      | Learned a level 5 spell: Lightning Bolt
  8780 | D:8      | Noticed Maurice
  8872 | D:8      | Noticed Erica
  8889 | D:8      | Noticed Erica
  9125 | D:8      | HP: 1/54 [something (4)]
  9131 | D:7      | Mangled by Maurice

Skill      XL: |  1  2  3  4  5  6  7  8  9 10 |
---------------+-------------------------------+-----
Fighting       | 1 2 |  2.4
Short Blades   | 1 2 3 4 |  4.6
Conjurations   | 2 3 5 6 |  6.9
Air Magic      | 5 6 7 9 10 | 10.9
Spellcasting   | 3 4 |  4.6
Armour         | 5 9 |  9.1
Dodging        | |  2.1
Stealth        | |  2.0

Action                   |  1- 3 |  4- 6 |  7- 9 | 10-12 || total
-------------------------+-------+-------+-------+-------++-------
Melee: Unarmed           |     5 |       |       |     5 ||    10
       Kick              |     5 |    11 |    41 |    12 ||    69
       Short sword       |    34 |    52 |   159 |    33 ||   278
       Peck              |     1 |     2 |    34 |     3 ||    40
 Cast: Shock             |    27 |   109 |    64 |    20 ||   220
       Static Discharge  |       |    10 |    20 |       ||    30
       Airstrike         |       |       |    37 |    27 ||    64
Evoke: Wand              |       |       |     3 |     2 ||     5
  Use: Scroll            |     2 |     1 |     6 |     3 ||    12
       Potion            |     1 |     6 |     4 |     1 ||    12
 Stab: Sleeping          |     1 |     2 |     2 |       ||     5
  Eat: Bread ration      |     1 |       |     2 |     1 ||     4
       Chunk             |     1 |    11 |    12 |     3 ||    27
Armor: Robe              |     4 |    15 |    20 |       ||    39
       Ring mail         |       |       |    60 |    21 ||    81
       Skin              |       |       |       |     1 ||     1
Dodge: Dodged            |    24 |    82 |   154 |    31 ||   291
